 Dungeon Crawl Stone Soup version 0.28-a0-1038-g9c4cb8273d (webtiles) character file.

Game seed: 17714372046217810858

1131 GregHouse the Cleaver (level 8, -2/70 HPs)
             Began as a Hill Orc Monk on Dec 8, 2021.
             Was a Priest of Beogh.
             Slain by a troll (4 damage)
             ... on level 5 of the Dungeon.
             The game lasted 00:22:59 (8261 turns).

GregHouse the Cleaver (Hill Orc Monk)               Turns: 8261, Time: 00:22:59

Health: -2/70      AC: 13    Str: 22    XL:     8   Next: 36%
Magic:  8/8        EV:  5    Int: 10    God:    Beogh [***...]
Gold:   218        SH:  8    Dex: 13    Spells: 7/7 levels left

rFire   . . .      SeeInvis .   t - +0 war axe
rCold   . . .      Faith    .   b - +0 kite shield {rN+}
rNeg    + . .      Spirit   .   x - +0 plate armour
rPois   .          Reflect  .   (no helmet)
rElec   .          Harm     .   e - +0 cloak
rCorr   .          Rampage  .   (no gloves)
Will    +....                   (no boots)
Stlth   ..........              (no amulet)
HPRegen 0.21/turn               j - +6 ring of strength
MPRegen 0.11/turn               q - ring of willpower

@: about to teleport
A: no striking features
a: Renounce Religion, Smiting


You were on level 5 of the Dungeon.
You worshipped Beogh.
Beogh was most pleased with you.
You visited 1 branch of the dungeon, and saw 6 of its levels.

You collected 218 gold pieces.

Inventory:

Hand Weapons
 i - a +2 vampiric dagger
 t - a +0 war axe (weapon)
Missiles
 g - 2 javelins (quivered)
 s - 7 boomerangs
Armour
 b - a +0 kite shield of positive energy (worn)
 e - a +0 cloak (worn)
 l - a +1 leather armour of poison resistance
 x - a +0 plate armour (worn)
Jewellery
 j - a +6 ring of strength (left hand)
 q - a ring of willpower (right hand)
Wands
 a - a wand of mindburst (9)
 v - a wand of flame (25)
Scrolls
 d - a scroll of magic mapping
 f - a scroll of identify
 k - a scroll of acquirement {unknown}
 m - a scroll of teleportation
 p - a scroll of enchant armour {unknown}
 r - a scroll of noise {unknown}
 u - a scroll of silence {unknown}
Potions
 c - a potion of cancellation
 h - a potion of haste {unknown}
 n - 2 potions of mutation
 o - a potion of curing
 w - 2 potions of attraction {unknown}


   Skills:
 + Level 5.9 Fighting
 + Level 8.7 Axes
 + Level 4.8 Armour
 + Level 3.2 Dodging
 + Level 2.0 Stealth
 + Level 3.4 Shields


You had 7 spell levels left.
You didn't know any spells.
Your spell library contained the following spells:

 Spells                   Type           Power      Damage    Failure   Level
 Pain                     Necr           0%         1d4       100%        1
 Animate Armour           Summ/Erth      0%         N/A       100%        4
 Agony                    Necr           0%         N/A       100%        5
 Blade Hands              Tmut           0%         N/A       100%        5
 Excruciating Wounds      Necr           0%         N/A       100%        5
 Iskenderun's Battlesphe  Conj           0%         2d6       100%        5
 Iron Shot                Conj/Erth      0%         9d1       100%        6
 Spellforged Servitor     Conj/Summ      0%         N/A       100%        7


Dungeon Overview and Level Annotations

Branches:
Dungeon (6/15)
 Temple: D:4-7

Altars:
Qazlal

Annotations:
D:3 1 runed translucent door, generaletaddeo's ghost, amateur SpEE
D:5 exclusion: downstairs


Message History

You slash the troll!
The troll is severely wounded.
The troll bites you but does no damage. You block the troll's attack.
The troll claws you but does no damage.
You barely miss the troll.
The troll is severely wounded.
You block the troll's attack. x2; The troll claws you but does no damage.
The troll bites you! You block the troll's attack. The troll claws you.
You barely miss the troll.
The troll is severely wounded.
The troll bites you but does no damage. The troll claws you!
The troll claws you.
You closely miss the troll.
The troll is severely wounded.
You block the troll's attack. The troll claws you but does no damage.
The troll claws you.
You hit the troll.
The troll is severely wounded.
The troll bites you. You block the troll's attack. x2
The troll bites you but does no damage. The troll claws you.
* * * LOW HITPOINT WARNING * * *
The troll barely misses you.
You closely miss the troll.
The troll is severely wounded.
The troll bites you.
* * * LOW HITPOINT WARNING * * *
You block the troll's attack. The troll claws you.
* * * LOW HITPOINT WARNING * * *
As you read the scroll of teleportation, it crumbles to dust.
You feel strangely unstable. The troll barely misses you.
You block the troll's attack. The troll claws you.
* * * LOW HITPOINT WARNING * * *
The troll bites you but does no damage. The troll claws you but does no damage.
You block the troll's attack. You block the troll's attack.
The troll claws you!
* * * LOW HITPOINT WARNING * * *
The troll claws you but does no damage. The troll bites you but does no damage.
The troll closely misses you. The troll claws you.
You die...

.#####..#..#..##### #.#
##......#..#......# #.#
#......#..#......# #.#
#..#####..#####..# #.#
#......#..#...)..# #.# ##
#......#..#......# #.# .#
#####..#.[#..##### #.. .##### #[.
#..#..#..#.(.# ### .....#
#))?#@.#..#..#.8.#
.###.#######$.[T..#..#..'...#####
.###.).....########..########....
...........# #......#..#######
.###.#####.# ######........... .#
#.#####.## #.#..####### .#
#........# # #.#..# .#
#.#####..#.########.#..# .#
#)#.................#..#


You could see a troll.

Vanquished Creatures
  A water moccasin (D:5)
  A necrophage (D:5)
  An ogre (D:5)
  A phantom (D:5)
  A gnoll sergeant (D:5)
  2 scorpions (D:5)
  A howler monkey (D:5)
  A bullfrog zombie (D:5)
  4 hounds
  A scorpion zombie (D:5)
  4 iguanas (D:5)
  2 hound zombies (D:5)
  A hound skeleton (D:5)
  4 gnolls (D:4)
  9 adders
  A white imp (D:5)
  An adder skeleton (D:4)
  3 worms
  4 dart slugs
  4 orcs
  7 ball pythons
  7 endoplasms
  4 giant cockroaches
  7 hobgoblins
  12 jackals
  6 quokkas
  4 bats
  2 frilled lizards
  10 goblins
  8 kobolds
  3 rats
117 creatures vanquished.

Vanquished Creatures (others)
  A goblin (D:3)
  A jackal (D:3)
  2 plants (D:4)
4 creatures vanquished.

Grand Total: 121 creatures vanquished

Notes
Turn   | Place    | Note
-------+----------+-------------------------------------------
     0 | D:1      | GregHouse the Hill Orc Monk began the quest for the Orb.
     0 | D:1      | Reached XP level 1. HP: 19/19 MP: 1/1
    19 | D:1      | Found a faded altar of an unknown god.
    97 | D:1      | Reached XP level 2. HP: 27/27 MP: 2/2
   462 | D:1      | Reached XP level 3. HP: 15/33 MP: 3/3
  1114 | D:1      | Reached skill level 5 in Axes
  1953 | D:2      | Reached XP level 4. HP: 18/40 MP: 4/4
  2841 | D:2      | Reached skill level 1 in Shields
  3542 | D:3      | Became a worshipper of Beogh the Brigand
  3542 | D:3      | Reached * piety under Beogh
  3542 | D:3      | Reached ** piety under Beogh
  3564 | D:3      | Reached XP level 5. HP: 35/47 MP: 5/5
  4138 | D:3      | Found a runed translucent door.
  4138 | D:3      | Noticed generaletaddeo's ghost (amateur SpEE)
  4525 | D:4      | Noticed a phantom
  4636 | D:4      | Reached skill level 1 in Armour
  5261 | D:5      | Entered Level 5 of the Dungeon
  5364 | D:4      | Reached skill level 6 in Axes
  5364 | D:4      | Reached XP level 6. HP: 24/53 MP: 6/6
  6026 | D:5      | Noticed a necrophage
  6036 | D:5      | Killed a necrophage
  6109 | D:5      | Found a stormy altar of Qazlal.
  6113 | D:5      | Noticed an air elemental
  6113 | D:5      | Noticed a water elemental
  6113 | D:5      | Noticed a fire elemental
  6166 | D:5      | Noticed a yak
  6166 | D:5      | Noticed a yak
  6166 | D:5      | Noticed a yak
  6167 | D:5      | Noticed a yak
  6167 | D:5      | Noticed a yak
  6167 | D:5      | Noticed a yak
  6286 | D:6      | Noticed an orc warrior
  6286 | D:6      | Noticed a wyvern
  6320 | D:5      | Reached skill level 7 in Axes
  6320 | D:5      | Reached XP level 7. HP: 34/60 MP: 7/7
  7528 | D:5      | Reached skill level 5 in Fighting
  7538 | D:5      | Reached *** piety under Beogh
  7549 | D:5      | Reached skill level 8 in Axes
  7549 | D:5      | Reached XP level 8. HP: 63/68 MP: 8/8
  8247 | D:5      | Noticed a troll
  8260 | D:5      | HP: 2/70 [troll (8)]
  8261 | D:5      | Slain by a troll

Illustrated notes

Levels and vault maps discovered:
D:1:      dpeg_arrival_solitude, layout_basic, nicolae_ecumenical_lake_church
D:2:      layout_loops_cross, grunt_decor_cap
D:3:      layout_rooms, hellmonk_ghost_happy_afterlife
D:4:      layout_loops_cross, serial_bayou_crossing
D:5:      kennysheep_windowed_halls, layout_loops_ring,
          nicolae_qazlal_style_of_elements, kennysheep_potato, uniq_duvessa
D:6:      minmay_chambers_of_sixes, layout_basic, temple_statues, serial_shops,
          shop, gammafunk_ghost_nasty_kobolds, kennysheep_nub

Skill      XL: |  1  2  3  4  5  6  7 |
---------------+----------------------+-----
Axes           | 5 6 7 8 |  8.7
Fighting       | 4 5 |  5.9
Shields        | 1 2 3 |  3.4
Dodging        | 3 |  3.2
Armour         | 2 3 4 |  4.8
Stealth        | 2 |  2.0

Action                   |  1- 3 |  4- 6 |  7- 9 || total
-------------------------+-------+-------+-------++-------
Melee: Hand axe          |   121 |   101 |       ||   222
       War axe           |       |   104 |   131 ||   235
Invok: Convert to Beogh  |       |     1 |       ||     1
  Use: Scroll            |       |     7 |     2 ||     9
 Stab: Sleeping          |     3 |       |       ||     3
       Distracted        |       |     1 |       ||     1
Armor: Robe              |    22 |     1 |       ||    23
       Scale mail        |       |    87 |     4 ||    91
       Plate armour      |       |       |    70 ||    70
Dodge: Dodged            |    58 |    72 |    31 ||   161
Block: Kite shield       |    39 |    91 |    69 ||   199

Table legend: (Time is in decaauts)
 A = Elapsed time spent in this place.
 B = Non-inter-level travel time spent in this place.
 C = Inter-level travel time spent in this place.
 D = Time resting spent in this place.
 E = Time spent auto-exploring this place.
 F = Levels seen in this place.
 G = Mean time per level.
                   A        B        C        D        E       F      G
               +--------+--------+--------+--------+--------+-----+--------+
         Total |   8437 |   8286 |    151 |   3783 |   1816 |   6 | 1406.2 |
       Dungeon |   8437 |   8286 |    151 |   3783 |   1816 |   6 | 1406.2 |
               +--------+--------+--------+--------+--------+-----+--------+

Top non-repeatable levels by time:
     D:2: 2191 daAuts
     D:5: 2034 daAuts
     D:4: 1804 daAuts
     D:1: 1426 daAuts
     D:3: 889 daAuts
     D:6: 90 daAuts
